 Dungeon Crawl Stone Soup version 0.28-a0-991-g956f0ee3d5 (webtiles) character file.

Game seed: 1142729172694286076

246 Peloso the Covered (level 5, -3/47 HPs)
             Began as a Minotaur Fighter on Dec 5, 2021.
             Killed by nerve-wracking pain
             ... invoked by a shadow imp
              (8 damage)
             ... on level 5 of the Dungeon.
             The game lasted 00:04:07 (2764 turns).

Peloso the Covered (Minotaur Fighter)               Turns: 2764, Time: 00:04:08

Health: -3/47      AC: 12    Str: 21    XL:     5   Next: 84%
Magic:  4/4        EV:  8    Int:  5    God:
Gold:   78         SH:  5    Dex: 11    Spells: 4/4 levels left

rFire   . . .      SeeInvis .   a - +0 long sword
rCold   . . .      Faith    .   c - +0 buckler
rNeg    . . .      Spirit   .   k - +0 chain mail
rPois   .          Reflect  .   (helmet restricted)
rElec   .          Harm     .   m - +0 cloak
rCorr   .          Rampage  .   n - +0 pair of gloves
Will    .....                   (no boots)
Stlth   ..........              (no amulet)
HPRegen 0.15/turn               (no ring)
MPRegen 0.09/turn               (no ring)

@: no status effects
A: horns 2, retaliatory headbutt
a: no special abilities


You were on level 5 of the Dungeon.
You visited 1 branch of the dungeon, and saw 4 of its levels.

You collected 78 gold pieces.

Inventory:

Hand Weapons
 a - a +0 long sword (weapon)
Armour
 b - a +0 scale mail
 c - a +0 buckler (worn)
 k - a +0 chain mail (worn)
 m - a +0 cloak (worn)
 n - a +0 pair of gloves (worn)
Wands
 o - a wand of flame (43)
Scrolls
 e - a scroll of amnesia {unknown}
 f - 4 scrolls of identify {unknown}
 g - a scroll of brand weapon {unknown}
 i - a scroll of magic mapping {unknown}
 j - a scroll of immolation {unknown}
 l - a scroll of silence {unknown}
Potions
 d - a potion of might
 p - a potion of attraction {unknown}


   Skills:
 + Level 4.4 Fighting
 + Level 4.3 Long Blades
 + Level 5.6 Armour
 + Level 0.5 Dodging
 + Level 0.1 Stealth
 + Level 4.7 Shields


You had 4 spell levels left.
You didn't know any spells.
Your spell library was empty.

Dungeon Overview and Level Annotations

Branches:
Dungeon (3/15)

Altars:
Hepliaklqana
The Shining One


Innate Abilities, Weirdness & Mutations

You have a pair of horns on your head.
You reflexively headbutt those who attack you in melee.


Message History

The iguana is severely wounded.
The iguana closely misses you. The iguana bites you.
You slash the iguana!
You kill the iguana!
The orc priest mumbles some strange prayers to Beogh against you.
Beogh smites you! The orc barely misses you.
Your Long Blades skill increases to level 4!
You slash the orc!
You kill the orc!
The orc priest calls down the wrath of Beogh upon you.
Beogh smites you!
* * * LOW HITPOINT WARNING * * *
The shadow imp puffs mist at you.
It was a potion of curing.
You feel better.
You slash the orc priest!
You headbutt the orc priest, but do no damage.
The orc priest is severely wounded.
The orc priest hits you but does no damage.
You slash the orc priest!
You kill the orc priest!
You barely miss the shadow imp. The shadow imp barely misses you.
You closely miss the shadow imp. Your headbutt misses the shadow imp.
The shadow imp hits you but does no damage.
You barely miss the shadow imp. Your headbutt misses the shadow imp.
The shadow imp gestures at you. Pain shoots through your body!
* * * LOW HITPOINT WARNING * * *
The shadow imp hits you but does no damage.
You hit the shadow imp. You headbutt the shadow imp.
The shadow imp is heavily wounded.
The orc priest casts a cantrip, but nothing happens.
The shadow imp hits you but does no damage.
You barely miss the shadow imp.
The shadow imp is heavily wounded.
You block the shadow imp's attack.
You closely miss the shadow imp. Your headbutt misses the shadow imp.
The shadow imp is heavily wounded.
The shadow imp gestures at you. Pain shoots through your body!
You die...

.....
#... #o.
#o# #)#
#5# #.#
#o#######
#o5@....#
#######.#


You could see 2 orc priests and a shadow imp.

Vanquished Creatures
  An orc priest (D:5)
  An iguana (D:5)
  Ijyb (D:3)
  An orc wizard (D:3)
  5 adders
  2 worms
  2 dart slugs
  5 orcs
  2 ball pythons
  4 bats
  11 endoplasms
  4 giant cockroaches
  6 goblins
  7 hobgoblins
  3 jackals (D:2)
  10 kobolds
  2 quokkas
  4 frilled lizards
  8 rats
79 creatures vanquished.

Vanquished Creatures (others)
  26 fungi (D:3)
26 creatures vanquished.

Grand Total: 105 creatures vanquished

Notes
Turn   | Place    | Note
-------+----------+-------------------------------------------
     0 | D:1      | Peloso the Minotaur Fighter began the quest for the Orb.
     0 | D:1      | Reached XP level 1. HP: 19/19 MP: 0/0
   333 | D:1      | Reached skill level 4 in Armour
   366 | D:1      | Reached XP level 2. HP: 27/27 MP: 1/1
   881 | D:1      | Reached XP level 3. HP: 33/33 MP: 2/2
  1429 | D:2      | Reached XP level 4. HP: 34/40 MP: 3/3
  1958 | D:3      | Reached skill level 5 in Armour
  2339 | D:3      | Reached XP level 5. HP: 46/46 MP: 4/4
  2378 | D:3      | Found a glowing golden altar of the Shining One.
  2428 | D:3      | Found a hazy altar of Hepliaklqana.
  2447 | D:3      | Noticed Ijyb
  2461 | D:3      | Killed Ijyb
  2540 | D:3      | Found a faded altar of an unknown god.
  2740 | D:3      | You fall into a shaft and drop 2 floors!
  2740 | D:5      | Entered Level 5 of the Dungeon
  2764 | D:5      | Killed from afar by a shadow imp

Illustrated notes

Levels and vault maps discovered:
D:1:      matt_arrival_grand_opening, layout_loops_cross, minmay_misc_feat_chi,
          minivault_23
D:2:      layout_basic, minivault_11
D:3:      layout_basic, mainiacjoe_overflow_catch_the_wave,
          hellmonk_ecumenical_altar_prayer_group, uniq_ijyb,
          uniq_crazy_yiuf_cottage
D:5:      layout_loops_corners, uniq_pikel

Skill      XL: |  1  2  3  4  5 |
---------------+----------------+-----
Armour         | 4 5 |  5.6
Fighting       | 4 |  4.4
Shields        | 4 |  4.7
Long Blades    | 3 4 |  4.3
Dodging        | |  0.5
Stealth        | |  0.1

Action                   |  1- 3 |  4- 6 || total
-------------------------+-------+-------++-------
Melee: Long sword        |    96 |   101 ||   197
       Headbutt          |    13 |    18 ||    31
  Use: Potion            |       |     1 ||     1
Armor: Scale mail        |    27 |       ||    27
       Chain mail        |    33 |    53 ||    86
Dodge: Dodged            |    46 |    37 ||    83
Block: Buckler           |    26 |    23 ||    49

Table legend: (Time is in decaauts)
 A = Elapsed time spent in this place.
 B = Non-inter-level travel time spent in this place.
 C = Inter-level travel time spent in this place.
 D = Time resting spent in this place.
 E = Time spent auto-exploring this place.
 F = Levels seen in this place.
 G = Mean time per level.
                   A        B        C        D        E       F      G
               +--------+--------+--------+--------+--------+-----+--------+
         Total |   2811 |   2744 |     67 |      0 |   2127 |   4 |  702.8 |
       Dungeon |   2811 |   2744 |     67 |      0 |   2127 |   4 |  702.8 |
               +--------+--------+--------+--------+--------+-----+--------+

Top non-repeatable levels by time:
     D:1: 1038 daAuts
     D:2: 910 daAuts
     D:3: 836 daAuts
     D:5: 26 daAuts
